 Dungeon Crawl Stone Soup version 0.27-a0-1140-g099f9bb0e8 (webtiles) character file.

Game seed: 8913311310961427471

1956 DasRunzen the Skirmisher (level 8, -6/62 HPs)
             Began as a Demonspawn Gladiator on May 10, 2021.
             Was a Follower of Okawaru.
             Mangled by a vampire mosquito (11 damage)
             ... on level 7 of the Dungeon.
             The game lasted 00:10:09 (8400 turns).

DasRunzen the Skirmisher (Demonspawn Gladiator)     Turns: 8400, Time: 00:10:11

Health: -6/62      AC:  3    Str: 15    XL:     8   Next: 99%
Magic:  18/18      EV: 14    Int: 12    God:    Okawaru [*.....]
Gold:   433        SH:  4    Dex: 18    Spells: 7/7 levels left

rFire    + + .     SeeInvis .   a - +3 long sword
rCold    + . .     Faith    .   (no shield)
rNeg     . . .     Spirit   .   b - +0 leather armour
rPois    .         Reflect  .   (helmet unavailable)
rElec    .         Harm     .   e - scarf {rC+ rF+}
rCorr    .         Rampage  .   (no gloves)
Will     .....                  (no boots)
Stlth    ++++......             (no amulet)
HPRegen  0.20/turn              f - ring of magical power
MPRegen  0.16/turn              p - ring of protection from fire

@: no status effects
A: horns 3, thin skeletal structure 2, condensation shield
a: Renounce Religion, Heroism


You were on level 7 of the Dungeon.
You worshipped Okawaru.
Okawaru was aware of your devotion.
You visited 2 branches of the dungeon, and saw 8 of its levels.
You also visited: Ossuary.

You collected 433 gold pieces.

Inventory:

Hand Weapons
 a - a +3 long sword (weapon)
Missiles
 d - 3 throwing nets (quivered)
Armour
 b - a +0 leather armour (worn)
 e - a scarf of resistance (worn)
 n - a +0 buckler
Jewellery
 f - a ring of magical power (left hand)
 o - a ring of positive energy
 p - a ring of protection from fire (right hand)
 s - an amulet of magic regeneration
Wands
 g - a wand of paralysis (9)
Scrolls
 j - 3 scrolls of teleportation
 q - 2 scrolls of identify
 t - a scroll of fear {unknown}
 u - a scroll of blinking {unknown}
Potions
 c - a potion of berserk rage
 h - 2 potions of ambrosia
 i - a potion of heal wounds
 k - 4 potions of curing
 l - 3 potions of cancellation {unknown}
 m - a potion of flight {unknown}
 r - 2 potions of attraction {unknown}


   Skills:
 + Level 5.3 Fighting
 + Level 5.3 Long Blades
 - Level 1.7 Throwing
 + Level 4.4 Armour
 + Level 5.2 Dodging
 + Level 3.0 Stealth
 + Level 3.2 Shields
 + Level 2.5 Invocations
 + Level 1.8 Evocations


You had 7 spell levels left.
You didn't know any spells.
Your spell library contained the following spells:

 Spells                   Type           Power      Damage    Failure   Level
 Animate Skeleton         Necr           0%         N/A       38%         1
 Beastly Appendage        Tmut           0%         N/A       38%         1
 Pain                     Necr           0%         1d4       38%         1
 Wereblood                Tmut           0%         N/A       52%         2
 Spider Form              Tmut/Pois      0%         N/A       77%         3
 Vampiric Draining        Necr           0%         2d6       77%         3
 Animate Dead             Necr           0%         N/A       99%         4
 Ice Form                 Ice/Tmut       0%         N/A       99%         4
 Agony                    Necr           0%         N/A       100%        5
 Hydra Form               Tmut           0%         N/A       100%        5


Dungeon Overview and Level Annotations

Branches:
Dungeon (7/15)             Temple (1/1) D:6         Ossuary (visited)

Altars:
Ashenzari
Cheibriados
Dithmenos
Elyvilon
Gozag
Hepliaklqana
Makhleb
Nemelex Xobeh
Okawaru
Qazlal
Ru
Trog
Uskayaw
Vehumet
Xom
Yredelemnul
The Shining One


Innate Abilities, Weirdness & Mutations

You have a pair of large horns on your head.
You have a moderately thin skeletal structure. (Dex +4, Stealth++)
A meltable shield of frost defends you. (SH +4)


Message History

You hit the vampire mosquito.
The vampire mosquito is moderately damaged.
The vampire mosquito bites you.
The vampire mosquito draws strength from your injuries!
The vampire mosquito bites you.
The vampire mosquito draws strength from your injuries!
You slash the vampire mosquito!
Your headbutt misses the vampire mosquito.
The vampire mosquito is moderately damaged.
The vampire mosquito bites you!
The vampire mosquito draws strength from your injuries!
The vampire mosquito closely misses you.
You slash the vampire mosquito!
The vampire mosquito is heavily damaged.
The vampire mosquito misses you. The vampire mosquito bites you!
The vampire mosquito draws strength from your injuries!
The vampire mosquito bites you.
The vampire mosquito draws strength from your injuries!
You are too injured to fight recklessly!
You are too injured to fight recklessly!
You hit the vampire mosquito.
The vampire mosquito is moderately damaged.
The vampire mosquito bites you.
The vampire mosquito draws strength from your injuries!
The vampire mosquito bites you!
* * * LOW HITPOINT WARNING * * *
The vampire mosquito draws strength from your injuries!
You hit the vampire mosquito.
Your headbutt misses the vampire mosquito.
The vampire mosquito is lightly damaged.
You block the vampire mosquito's attack.
The vampire mosquito bites you but does no damage.
You closely miss the vampire mosquito.
Your headbutt misses the vampire mosquito.
The vampire mosquito is lightly damaged.
The vampire mosquito bites you!
* * * LOW HITPOINT WARNING * * *
The vampire mosquito draws strength from your injuries!
The vampire mosquito bites you!
You die...

#####.# #####..###
##...#.# ...#......#
##......# ....###..###.
#.......##...##8...._#.
#............###_._.###
#........#....####### .
##.......# ..## #.
##.....### .# ##
#.....@.# # #(....y.#
#.......# ##.....##
##...## ####


You could see a vampire mosquito.

Vanquished Creatures
  Sigmund (D:3)
  2 vampire mosquitoes (D:7)
  3 ogres
  A sky beast (D:6)
  A phantom (D:6)
  2 elf zombies (Ossuary)
  A bullfrog (D:7)
  A scorpion (D:4)
  A water moccasin zombie (D:7)
  A water moccasin skeleton (D:5)
  A human zombie (Ossuary)
  A centaur zombie (Ossuary)
  4 hounds
  2 jellies
  A bullfrog zombie (D:5)
  A gnoll shaman (D:3)
  An orc priest (D:6)
  2 orc wizards (D:6)
  A killer bee zombie (D:6)
  3 hound zombies (Ossuary)
  4 mummies
  A howler monkey skeleton (D:4)
  3 gnolls
  10 adders
  2 white imps
  An ufetubus (D:4)
  3 adder zombies (Ossuary)
  An adder skeleton (D:4)
  A worm (D:2)
  10 orcs
  7 endoplasms
  3 giant cockroaches
  3 gnoll zombies (Ossuary)
  6 goblins
  4 hobgoblins
  2 jackals (D:1)
  2 quokkas
  6 ball pythons
  2 bats (D:3)
  4 frilled lizards (D:3)
  6 goblin zombies
  4 hobgoblin zombies
  2 jackal zombies (Ossuary)
  7 kobolds
  3 kobold zombies (Ossuary)
  An orc zombie (Ossuary)
  3 quokka zombies (Ossuary)
  6 rats
  4 rat zombies (Ossuary)
142 creatures vanquished.

Vanquished Creatures (others)
  5 toadstools (D:6)
5 creatures vanquished.

Grand Total: 147 creatures vanquished

Notes
Turn   | Place    | Note
-------+----------+-------------------------------------------
     0 | D:1      | DasRunzen the Demonspawn Gladiator began the quest for the
                  | Orb.
     0 | D:1      | Reached XP level 1. HP: 16/16 MP: 1/1
   150 | D:1      | Gained mutation: You have a pair of small horns on your
                  | head. [demonic ancestry]
   150 | D:1      | Reached XP level 2. HP: 21/22 MP: 2/2
   219 | D:1      | You fall into a shaft and drop 1 floor!
   410 | D:2      | Reached skill level 1 in Armour
   599 | D:2      | Reached XP level 3. HP: 25/28 MP: 3/3
  1190 | D:2      | Gained mutation: You have a pair of horns on your head.
                  | [demonic ancestry]
  1190 | D:2      | Reached XP level 4. HP: 19/34 MP: 4/4
  1915 | D:3      | Found a faded altar of an unknown god.
  2040 | D:3      | Noticed Sigmund
  2056 | D:3      | Killed Sigmund
  2057 | D:3      | Gained mutation: You have a pair of large horns on your
                  | head. [demonic ancestry]
  2057 | D:3      | Reached XP level 5. HP: 17/41 MP: 5/5
  2814 | D:4      | Gained mutation: A meltable shield of frost defends you.
                  | (SH +4) [demonic ancestry]
  2814 | D:4      | Reached XP level 6. HP: 47/47 MP: 6/6
  3528 | D:4      | Reached skill level 1 in Shields
  3783 | D:4      | Gained mutation: You have a somewhat thin skeletal
                  | structure. (Dex +2, Stealth+) [demonic ancestry]
  3783 | D:4      | Reached XP level 7. HP: 26/54 MP: 7/7
  4113 | D:5      | Entered Level 5 of the Dungeon
  4198 | D:5      | Found a sand-covered staircase.
  4214 | Ossuary  | Entered an ossuary
  4409 | Ossuary  | Reached skill level 1 in Stealth
  5110 | D:5      | Gained mutation: You have a moderately thin skeletal
                  | structure. (Dex +4, Stealth++) [demonic ancestry]
  5110 | D:5      | Reached XP level 8. HP: 61/61 MP: 8/8
  6461 | D:6      | Found a staircase to the Ecumenical Temple.
  6469 | Temple   | Entered the Ecumenical Temple
  6798 | Temple   | Became a worshipper of Warmaster Okawaru
  6908 | D:6      | Reached skill level 5 in Fighting
  6952 | D:6      | Reached skill level 5 in Long Blades
  7090 | D:6      | Reached skill level 5 in Dodging
  7090 | D:6      | Reached skill level 1 in Invocations
  7727 | D:6      | Reached skill level 1 in Evocations
  8030 | D:7      | Found a broken altar of Ashenzari.
  8033 | D:7      | Found a radiant altar of Vehumet.
  8033 | D:7      | Found a snail-covered altar of Cheibriados.
  8037 | D:7      | Found a hide-covered altar of Uskayaw.
  8222 | D:7      | Reached * piety under Okawaru
  8400 | D:7      | Mangled by a vampire mosquito

Illustrated notes

Levels and vault maps discovered:
D:1:      minmay_arrival_up_and_down, layout_loops_corners, serial_rivers,
          chequers_serial_rivers_small_3, chequers_serial_rivers_micro_b,
          chequers_serial_rivers_micro_a, chequers_serial_rivers_small_3
D:2:      kennysheep_six_static_rooms, layout_basic, corexii_leaking_fountain,
          minmay_circled_x
D:3:      layout_loops_ring, basic_ecumenical_altar, uniq_sigmund
D:4:      kennysheep_big_flooded_room, layout_rooms, elyvilon_altar_1
D:5:      layout_basic, nicolae_ossuary_entry_giza
D:6:      layout_gridville, minmay_temple_entry_mist, minmay_gold_behind_fungi
D:7:      layout_rooms, minitemple, eino_tiny_chamber
Temple:   hc_temple_tempest_star

Skill      XL: |  1  2  3  4  5  6  7  8 |
---------------+-------------------------+-----
Long Blades    | 3 4 5 |  5.3
Armour         | 1 2 3 4 |  4.4
Dodging        | 3 4 5 |  5.2
Fighting       | 3 4 5 |  5.3
Shields        | 1 2 3 |  3.2
Stealth        | 1 3 |  3.0
Invocations    | 2 |  2.5
Evocations     | 1 |  1.8
Throwing       | |  1.7

Action                   |  1- 3 |  4- 6 |  7- 9 || total
-------------------------+-------+-------+-------++-------
Melee: Long sword        |    59 |   114 |   260 ||   433
       Headbutt          |    11 |    28 |    56 ||    95
Evoke: Wand              |       |     2 |     1 ||     3
  Use: Scroll            |       |     7 |     6 ||    13
       Potion            |       |     1 |     1 ||     2
 Stab: Paralysed         |       |    10 |     2 ||    12
       Sleeping          |       |     1 |    15 ||    16
Armor: Leather armour    |    22 |    19 |    49 ||    90
Dodge: Dodged            |    32 |    62 |   171 ||   265
Block: Other             |       |     5 |    62 ||    67
       Rpst.: Long sword |     6 |    21 |    45 ||    72

Table legend: (Time is in decaauts)
 A = Elapsed time spent in this place.
 B = Non-inter-level travel time spent in this place.
 C = Inter-level travel time spent in this place.
 D = Time resting spent in this place.
 E = Time spent auto-exploring this place.
 F = Levels seen in this place.
 G = Mean time per level.
                   A        B        C        D        E       F      G
               +--------+--------+--------+--------+--------+-----+--------+
         Total |   8490 |   8297 |    193 |   1546 |   5616 |   9 |  943.3 |
       Dungeon |   7281 |   7149 |    132 |   1494 |   4728 |   7 | 1040.1 |
        Temple |    346 |    285 |     61 |      0 |    284 |   1 |  346.0 |
       Ossuary |    862 |    862 |      0 |     52 |    604 |   1 |  862.0 |
               +--------+--------+--------+--------+--------+-----+--------+

Top non-repeatable levels by time:
     D:2: 1710 daAuts
     D:6: 1391 daAuts
     D:4: 1168 daAuts
     D:3: 1050 daAuts
     D:5: 971 daAuts
 Ossuary: 862 daAuts
     D:7: 761 daAuts
  Temple: 346 daAuts
     D:1: 228 daAuts
